Map: 2000 애트모스피어 - 래더

Players

Zest - Winner!

  • Race: Protoss Protoss

Bunny

  • Race: Terran Terran

Event: IEM Katowice 2022

VOD

Have the link to the VOD?

Description

Time

  • Played on: Feb. 25, 2022, 8:57 a.m.
  • Length: 11:09

All games in this series

Show
View Real Time Build Order
Export as new Build Order

Zest Protoss - Winner!

Build Orders: 1 Gate Expand, Blink Stalkers 

Get SALT Encoding   

  12  0:00  Probe  
  13  0:12  Probe  
  14  0:19  Pylon  
  14  0:24  Probe (Chrono Boost)  
  15  0:37  Probe (Chrono Boost)  
  15  0:38  Gateway  
  16  0:45  Probe (Chrono Boost)  
  16  0:48  Assimilator  
  17  0:51  Probe  
  18  1:03  Probe  
  19  1:15  Probe  
  20  1:25  Cybernetics Core  
  20  1:34  Nexus  
  20  1:36  Probe  
  21  1:44  Pylon  
  21  1:48  Probe  
  21  1:52  Assimilator  
  22  2:00  Probe  
  22  2:01  Stalker (Chrono Boost)  
  25  2:08  Warp Gate  
  25  2:13  Probe  
  26  2:21  Stalker (Chrono Boost)  
  26  2:26  Probe  
  28  2:38  Twilight Council, Probe  
  29  2:46  Stalker  
  31  2:51  Probe  
  31  2:52  Probe  
  33  3:03  Gateway, Probe  
  33  3:05  Probe  
  35  3:06  Blink (Chrono Boost)  
  35  3:15  Probe  
  35  3:17  Probe  
  37  3:26  Pylon  
  37  3:28  Probe  
  37  3:29  Probe  
  37  3:34  Robotics Facility  
  39  3:40  Probe  
  39  3:41  Probe  
  41  3:52  Probe  
  41  3:53  Probe  
  43  3:56  Pylon  
  43  3:57  Stalker x2  
  47  4:04  Gateway  
  47  4:05  Gateway  
  47  4:08  Probe  
  48  4:10  Probe  
  49  4:19  Warp Prism (Chrono Boost)  
  49  4:20  Probe  
  49  4:22  Pylon  
  52  4:30  Assimilator  
  52  4:37  Stalker  
  52  4:38  Stalker  
  56  4:41  Pylon, Probe  
  56  4:42  Probe  
  58  4:50  Assimilator, Observer (Chrono Boost)  
  59  5:04  Stalker x4  
  59  5:05  Probe x2  
  69  5:13  Pylon  
  69  5:17  Probe x2  
  71  5:28  Stalker  
  71  5:29  Stalker x2  
  77  5:42  Robotics Bay  
  77  5:43  Forge  
  73  5:53  Stalker  
  73  5:54  Stalker x3  
  79  5:58  Shield Battery  
  67  6:22  Stalker x4  
  75  6:27  Colossus (Chrono Boost)  
  81  6:34  Nexus  
  81  6:39  Pylon  
  81  6:44  Protoss Ground Weapons Level 1  
  81  6:45  Extended Thermal Lance (Chrono Boost)  
  81  6:53  Probe x2  
  83  6:58  Shield Battery  
  81  7:05  Probe x2  
  83  7:11  Colossus (Chrono Boost)  
  89  7:25  Gateway  
  89  7:26  Charge  
  89  7:27  Probe x2  
  89  7:28  Gateway  
  91  7:37  Sentry  
  93  7:39  Probe  
  93  7:40  Pylon  
  94  7:46  Probe  
  94  7:47  Probe  
  96  7:52  Probe  
  96  7:53  Shield Battery  
  97  7:58  Probe  
  97  7:59  Probe  
  97  8:04  Probe  
  100  8:07  Colossus (Chrono Boost)  
  100  8:10  Probe  
  107  8:18  Gateway x2  
  107  8:20  Sentry  
  107  8:21  Sentry, Zealot x3  
  107  8:26  Pylon  
  117  8:32  Pylon  
  117  8:34  Photon Cannon  
  117  8:40  Photon Cannon  
  117  8:42  Assimilator  
  117  8:47  Assimilator  
  117  8:50  Zealot x6  
  117  8:53  Immortal (Chrono Boost)  
  127  8:57  Dark Shrine  
  131  9:04  Photon Cannon, Pylon  
  131  9:11  Zealot  
  131  9:15  Pylon  
  133  9:17  Pylon  
  128  9:25  Immortal (Chrono Boost)  
  128  9:31  Zealot x5  
  134  9:43  Stalker x3  
  136  9:50  Observer  
  136  9:54  Warp Prism (Chrono Boost)  
  136  9:55  Stalker x4  
  146  10:04  Robotics Facility  
  146  10:20  Pylon  
  146  10:21  Zealot x5  
  146  10:25  Pylon, Observer  
  156  10:33  Nexus  
  156  10:37  Archon x2  
  154  10:55  Zealot x7  
  158  11:00  Zealot  
Show
View Real Time Build Order
Export as new Build Order

Bunny Terran 

Build Orders: Cyclone Opening 

Get SALT Encoding   

  12  0:00  SCV  
  13  0:12  SCV  
  14  0:17  Supply Depot  
  14  0:24  SCV  
  15  0:39  SCV  
  15  0:41  Barracks  
  16  0:45  Refinery  
  16  0:51  SCV  
  16  0:54  Refinery  
  17  1:03  SCV  
  18  1:15  SCV  
  19  1:28  Orbital Command  
  19  1:29  Reaper  
  20  1:38  Supply Depot  
  20  1:46  Factory  
  20  1:54  SCV  
  21  1:57  Bunker  
  21  2:07  SCV  
  21  2:19  SCV  
  22  2:28  Command Center  
  22  2:31  SCV  
  22  2:37  Factory Tech Lab  
  23  2:43  SCV  
  24  2:46  Barracks Reactor  
  24  2:49  Barracks  
  23  2:55  SCV  
  23  2:56  Cyclone  
  27  3:02  Supply Depot  
  27  3:07  SCV  
  28  3:13  Barracks  
  28  3:19  SCV  
  29  3:22  Marine x2  
  31  3:31  SCV  
  32  3:38  Factory Tech Lab  
  32  3:40  Marine x2, Orbital Command  
  34  3:44  SCV  
  35  3:50  Stimpack  
  35  3:53  Marine  
  36  3:56  SCV  
  36  3:58  Marine x2  
  39  4:05  Engineering Bay  
  39  4:06  SCV  
  39  4:08  Marine  
  41  4:10  SCV  
  41  4:11  Marine  
  41  4:16  Supply Depot  
  43  4:18  SCV  
  43  4:22  SCV  
  45  4:24  Combat Shield  
  45  4:27  Marine x3  
  45  4:29  Marine  
  45  4:31  SCV  
  50  4:34  SCV  
  50  4:35  Terran Infantry Weapons Level 1  
  50  4:41  Starport  
  50  4:43  SCV  
  51  4:47  SCV, Marine x2  
  51  4:48  Factory Reactor  
  51  4:50  Marine  
  51  4:52  Marine  
  56  4:55  SCV  
  56  4:58  Supply Depot  
  56  4:59  Refinery  
  57  5:02  SCV  
  57  5:06  Marine x2  
  60  5:07  SCV  
  60  5:11  Supply Depot  
  61  5:20  SCV x2, Marauder x2  
  67  5:23  Marine x2  
  64  5:29  Medivac x2  
  60  5:40  Concussive Shells  
  60  5:42  Marauder x2  
  64  5:46  Marine x2  
  58  5:52  SCV x2  
  59  6:00  Medivac x2  
  60  6:06  Marauder  
  60  6:07  Marine x2  
  60  6:09  Marauder  
  56  6:12  SCV  
  56  6:15  SCV  
  56  6:20  Widow Mine  
  56  6:24  SCV  
  56  6:25  Marine  
  60  6:27  SCV  
  60  6:29  Terran Infantry Armor Level 1  
  60  6:31  Marauder  
  62  6:36  SCV  
  62  6:39  SCV  
  64  6:40  Marauder  
  64  6:44  Marine x2  
  64  6:46  Widow Mine  
  69  6:52  SCV x2  
  71  6:58  Supply Depot  
  71  7:02  Marauder x2  
  71  7:06  SCV x2  
  75  7:10  Marine x2  
  76  7:17  Supply Depot  
  73  7:23  Widow Mine  
  73  7:27  SCV x2  
  77  7:31  Marine  
  77  7:33  Marine  
  77  7:34  Marauder x2  
  77  7:35  Medivac  
  85  7:38  Medivac  
  87  7:44  SCV x2  
  87  7:45  Widow Mine  
  87  7:51  Supply Depot  
  90  7:52  Supply Depot  
  90  7:57  Marine  
  90  7:58  Marauder x2  
  94  8:12  SCV x2, Marine  
  97  8:16  Supply Depot  
  97  8:17  Command Center  
  97  8:24  SCV x2  
  99  8:33  Factory Tech Lab  
  99  8:36  Viking x2  
  99  8:37  Barracks  
  99  8:39  SCV x2  
  105  8:41  Refinery  
  105  8:44  Barracks  
  105  8:51  Marauder  
  105  8:52  Marauder  
  107  8:55  Marine x2  
  107  8:58  SCV x2  
  107  8:59  Supply Depot  
  107  9:02  Siege Tank  
  114  9:12  Supply Depot  
  114  9:13  Marauder x2  
  118  9:20  Marine  
  118  9:21  Marine  
  120  9:25  SCV x2  
  120  9:27  Armory  
  121  9:36  Siege Tank  
  121  9:38  Marine  
  125  9:40  SCV x2  
  123  9:47  Viking  
  123  9:49  Ghost Academy  
  123  9:51  Viking  
  127  9:57  SCV x2  
  129  10:02  Orbital Command  
  129  10:06  Barracks Reactor, Barracks Tech Lab  
  129  10:09  SCV x2  
  129  10:11  Siege Tank  
  129  10:14  Supply Depot  
  134  10:20  Ghost x2  
  137  10:25  Missile Turret  
  137  10:29  Refinery x2  
  137  10:30  Ghost  
  139  10:40  Marine  

Tags
 
Add a new tag
Caveats
  • Supply blocks, unpowered buildings, or Contaminate may cause inaccurate times.
  • Supply counts are checked every 10 seconds.